 Dungeon Crawl Stone Soup version 0.27.1-33-g824d729ab1 (webtiles) character file.

Game seed: 6287745095307133199

46 guntergyo the Vexing (level 3, 0/18 HPs)
             Began as a Spriggan Arcane Marksman on Nov 28, 2021.
             Was an Initiate of the Shining One.
             Succumbed to an adder's poison
             ... on level 2 of the Dungeon.
             The game lasted 00:08:40 (3905 turns).

guntergyo the Vexing (Spriggan Arcane Marksman)     Turns: 3905, Time: 00:08:41

Health: 0/18       AC:  2    Str:  7    XL:     3   Next: 46%
Magic:  7/7        EV: 17    Int: 14    God:    the Shining One [......]
Gold:   6          SH:  0    Dex: 15    Spells: 5/6 levels left

rFire    . . .     SeeInvis +   a - +0 hand crossbow
rCold    . . .     Faith    .   (shield restricted)
rNeg     . . .     Spirit   .   d - +0 robe
rPois    .         Reflect  .   (helmet restricted)
rElec    .         Harm     .   (no cloak)
rCorr    .         Rampage  .   (gloves unavailable)
Will     .....                  (boots unavailable)
Stlth    +.........             (no amulet)
HPRegen  0.06/turn              (no ring)
MPRegen  0.10/turn              (no ring)

@: lethally poisoned (0 -> -5), glowing, very quick
A: very small, no large weapons, unfitting armour, see invisible, speed 3
a: Renounce Religion


You were on level 2 of the Dungeon.
You worshipped the Shining One.
The Shining One was noncommittal.
You visited 1 branch of the dungeon, and saw 2 of its levels.

You collected 29 gold pieces.
You spent 23 gold pieces at shops.

Inventory:

Hand Weapons
 a - a +0 hand crossbow (weapon)
 b - a +0 dagger
 h - a +0 short sword
Missiles
 c - 4 bolts (quivered ammo)
 g - 68 stones
 i - 22 sling bullets
Armour
 d - a +0 robe (worn)
Magical Staves
 k - a staff of fire
Scrolls
 e - a scroll of vulnerability {unknown}
 f - 2 scrolls of teleportation {unknown}
 j - 2 scrolls of identify {unknown}
 l - a scroll of blinking {unknown}


   Skills:
 + Level 1.1 Fighting
 * Level 1.4 Short Blades
 * Level 2.4 Crossbows
 + Level 3.0 Dodging
 + Level 1.1 Stealth
 + Level 2.1 Spellcasting
 + Level 3.8 Hexes


You had 5 spell levels left.
You knew the following spells:

 Your Spells              Type           Power      Damage    Failure   Level
a - Corona                Hex            13%        N/A       4%          1

Your spell library contained the following spells:

 Spells                   Type           Power      Damage    Failure   Level
 Slow                     Hex            12%        N/A       7%          2
 Ensorcelled Hibernation  Hex/Ice        12%        N/A       16%         2
 Inner Flame              Hex/Fire       6%         N/A       32%         3
 Portal Projectile        Hex/Tloc       12%        N/A       32%         3
 Cause Fear               Hex            6%         N/A       43%         4
 Spider Form              Tmut/Pois      0%         N/A       56%         3
 Shadow Creatures         Summ           N/A        N/A       100%        6


Dungeon Overview and Level Annotations

Branches:
Dungeon (2/15)

Altars:
The Shining One

Shops:
D:2 *


Innate Abilities, Weirdness & Mutations

You are very small and have problems with some larger weapons.
You are too small for most types of armour.
You have supernaturally acute eyesight. (SInv)
You cover ground extremely quickly. (Speed+++)


Message History

You shoot a bolt. The bolt hits the adder.
The adder is moderately wounded.
The adder bites you but does no damage.
There is an open door here.
You shoot a bolt. The bolt hits the adder!
The adder is almost dead.
You shoot a bolt. The bolt closely misses the adder.
The adder misses you.
You shoot a bolt. The bolt barely misses the adder.
The adder completely misses you. The adder misses you.
You shoot a bolt. The bolt barely misses the adder.
The adder completely misses you. The adder bites you.
You are poisoned.
The adder poisons you!
You shoot a bolt. The bolt barely misses the adder.
You feel sick. The adder bites you.
You are more poisoned.
The adder poisons you! The adder bites you.
You are lethally poisoned!
The adder poisons you!
You feel sick.
You feel sick.
* * * LOW HITPOINT WARNING * * *
You feel sick.
* * * LOW HITPOINT WARNING * * *
You feel sick.
Unknown command.
You aren't carrying any potions.
Okay, then.
Fire: 6 bolts
Press: ? - help, Q - select action, (/) - cycle Shift-Dir - straight line, f/p - adder
Aim: an adder (almost dead, 46% to hit)
You shoot a bolt. The bolt closely misses the adder.
* * * LOW HITPOINT WARNING * * *
You feel sick.
Fire: 5 bolts
Press: ? - help, Q - select action, (/) - cycle Shift-Dir - straight line, f/p - adder
Aim: an adder (almost dead, 46% to hit)
You shoot a bolt. The bolt hits the adder.
You kill the adder!
You die...

.... #...........
..... #..(........
......##..........
.............#####
.....###..#....#
... #....####.# .
#(##......#
#(##†.##....
#.##@.## ##
#.##..##.
#.##..##.###
#.(....# ..#
#......###.#
#......'..(#
##.....####.......
##.......#....(..
#.#####.#.......


There were no monsters in sight!

Vanquished Creatures
  An adder (D:2)
  A dart slug (D:1)
  A ball python (D:2)
  6 bats
  3 endoplasms (D:1)
  A giant cockroach (D:1)
  5 goblins (D:1)
  3 hobgoblins (D:1)
  3 jackals (D:2)
  4 quokkas (D:1)
  A frilled lizard (D:1)
  5 kobolds
  6 rats
40 creatures vanquished.

Notes
Turn   | Place    | Note
-------+----------+-------------------------------------------
     0 | D:1      | guntergyo the Spriggan Arcane Marksman began the quest for
                  | the Orb.
     0 | D:1      | Reached XP level 1. HP: 9/9 MP: 3/3
   397 | D:1      | Found a faded altar of an unknown god.
   456 | D:1      | Reached skill level 1 in Fighting
   456 | D:1      | Reached XP level 2. HP: 7/14 MP: 5/5
  2210 | D:1      | Reached skill level 1 in Short Blades
  2210 | D:1      | Reached XP level 3. HP: 13/18 MP: 6/6
  2343 | D:1      | Reached skill level 1 in Stealth
  2736 | D:2      | Found a glowing golden altar of the Shining One.
  2739 | D:2      | Found Cumiq's Assorted Antiques.
  2747 | D:2      | Became a worshipper of the Shining One
  2767 | D:2      | Bought a scroll labelled JUISHO LEITS for 23 gold pieces
  3905 | D:2      | Succumbed to an adder's poison

Illustrated notes

Levels and vault maps discovered:
D:1:      psy_arrival_whirlpool, layout_basic,
          ebering_ecumenical_altar_abandoned, st_stairs_2,
          minmay_misc_feat_four_crosses, minmay_fountain_box
D:2:      minmay_thinvault, layout_basic, basic_altar, serial_shops,
          nicolae_shop_crystal, kennysheep_generic_room_15

Skill      XL: |  1  2  3 |
---------------+----------+-----
Fighting       | 1 |  1.1
Dodging        | 3 |  3.0
Short Blades   | 1 |  1.4
Stealth        | 1 |  1.1
Spellcasting   | 2 |  2.1
Crossbows      | |  2.4
Hexes          | |  3.8

Action                   || total
-------------------------++-------
Melee: Dagger            ||   260
       Club              ||    15
 Fire: Hand crossbow     ||    35
 Stab: Sleeping          ||     2
Armor: Robe              ||    32
Dodge: Dodged            ||   253
